Map: Eternal Empire LE

Players

plecojoe

  • Race: Terran Terran
  • League: Bronze
  • Spawn Location: 1:00

redbusman - Winner!

  • Race: Terran Terran
  • League: Silver
  • Spawn Location: 7:00

VOD

Have the link to the VOD?

Description

Time

  • Played on: July 21, 2020, 7:41 p.m.
  • Length: 37:27
Show
View Real Time Build Order
Export as new Build Order

plecojoe Terran 

Build Orders:  

Get SALT Encoding   

  12  0:14  SCV  
  12  0:17  Supply Depot  
  13  0:25  Refinery  
  13  0:27  SCV  
  14  0:44  Barracks  
  14  0:47  SCV  
  15  1:00  Supply Depot  
  15  1:01  SCV  
  16  1:13  Refinery  
  16  1:14  SCV  
  17  1:36  Marine  
  17  1:38  Orbital Command  
  18  1:49  Factory  
  18  1:54  Marine  
  19  2:05  SCV  
  20  2:12  Marine  
  21  2:18  SCV  
  22  2:29  Marine  
  22  2:30  SCV  
  22  2:33  Factory Tech Lab  
  24  2:38  Starport  
  24  2:42  SCV  
  25  2:47  Marine  
  26  2:55  SCV  
  26  2:57  Siege Tank  
  30  3:05  Marine  
  31  3:12  Supply Depot  
  31  3:16  Starport Reactor  
  31  3:25  Supply Depot  
  31  3:34  SCV  
  32  3:44  Marine  
  32  3:47  Command Center  
  32  3:48  Siege Tank  
  36  4:02  Supply Depot, Marine  
  37  4:12  Viking  
  37  4:13  Viking  
  41  4:23  Barracks Tech Lab  
  41  4:41  Armory  
  41  4:44  Combat Shield  
  41  4:45  Marine  
  41  4:47  Siege Tank  
  45  5:00  Orbital Command  
  45  5:03  Marine  
  45  5:04  Refinery  
  46  5:30  SCV  
  47  5:36  Viking  
  47  5:37  Viking  
  47  5:39  Terran Ship Weapons Level 1  
  47  5:41  Marine  
  47  5:42  SCV  
  52  5:50  Supply Depot  
  52  5:54  SCV  
  53  5:58  Marine  
  53  6:02  Stimpack  
  54  6:06  SCV  
  55  6:16  Marine  
  55  6:17  Viking x2  
  60  6:18  SCV  
  60  6:25  Starport  
  61  6:30  SCV  
  62  6:34  Marine  
  63  6:43  SCV  
  64  6:55  SCV  
  64  6:57  Siege Tank  
  64  6:58  Viking  
  70  7:06  Starport Reactor  
  70  7:07  SCV  
  71  7:10  Refinery  
  71  7:17  Supply Depot  
  71  7:19  SCV  
  72  7:28  Viking x2  
  76  7:31  SCV  
  76  7:33  Terran Vehicle And Ship Armor Level 1  
  77  7:43  SCV  
  78  7:45  Supply Depot  
  78  7:55  SCV, Viking  
  78  7:56  Viking  
  83  8:03  Marine  
  84  8:07  SCV  
  85  8:19  SCV  
  86  8:20  Marine  
  86  8:26  Siege Tank  
  90  8:29  Command Center, Viking  
  90  8:30  Viking  
  90  8:32  Supply Depot  
  94  8:53  Marine, Viking x2  
  94  8:54  SCV  
  100  8:56  Supply Depot  
  100  9:11  Marine  
  101  9:19  Supply Depot  
  101  9:29  Refinery, Marine  
  101  9:30  Refinery  
  102  9:32  Terran Ship Weapons Level 2  
  102  9:35  Viking x4  
  92  10:06  SCV  
  93  10:12  Refinery  
  94  10:18  SCV  
  94  10:19  Orbital Command  
  94  10:27  SCV  
  95  10:30  SCV  
  96  10:39  SCV  
  96  10:42  SCV  
  98  10:51  SCV  
  98  10:53  SCV  
  98  10:54  SCV  
  98  10:56  Supply Depot  
  101  10:58  Marine  
  101  10:59  Siege Tank  
  101  11:03  SCV  
  106  11:05  SCV, Viking x3  
  106  11:06  Viking  
  115  11:13  SCV  
  115  11:16  Marine  
  115  11:17  SCV  
  118  11:19  Supply Depot  
  118  11:25  SCV  
  118  11:29  SCV  
  120  11:34  Marine  
  120  11:35  Viking x4  
  120  11:37  SCV  
  130  11:41  SCV  
  130  11:42  Supply Depot  
  131  11:48  Terran Vehicle And Ship Armor Level 2  
  131  11:50  SCV  
  131  11:51  Marine  
  131  11:53  SCV  
  134  12:05  SCV  
  135  12:17  Viking x2  
  135  12:18  Viking x2  
  135  12:20  Marine  
  144  12:24  SCV  
  145  12:36  SCV  
  146  12:38  Marine  
  146  12:39  Supply Depot  
  147  12:48  SCV  
  148  12:52  Viking x4  
  148  12:54  Starport  
  148  12:56  Marine  
  157  13:01  Supply Depot, SCV  
  158  13:13  SCV  
  158  13:14  Marine  
  160  13:23  Supply Depot  
  160  13:31  Starport  
  160  13:34  Marine  
  160  13:40  Starport Reactor  
  161  13:52  Marine  
  161  13:54  Viking x2  
  161  13:55  Viking x2  
  170  14:08  Supply Depot  
  170  14:09  Terran Ship Weapons Level 3  
  170  14:10  Marine  
  171  14:27  Marine  
  172  14:32  Supply Depot  
  172  14:36  Starport Reactor  
  172  14:41  Viking x4  
  172  14:42  Viking x2  
  184  14:59  Starport  
  168  15:38  Starport  
  167  16:19  Starport Reactor  
  167  16:20  Starport Reactor  
  167  16:26  Viking  
  167  16:27  Viking x6  
  167  16:28  Viking  
  167  16:30  Refinery, Command Center  
  183  16:34  Refinery  
  183  16:47  Terran Vehicle And Ship Armor Level 3  
  143  17:08  Viking x3  
  110  17:09  Viking x6  
  110  17:10  Viking  
  109  17:42  Orbital Command  
  109  17:50  Viking x3  
  109  17:51  Viking x6  
  119  17:52  Viking  
  105  18:31  Viking x6  
  105  18:32  Viking x4  
  105  18:33  Viking x2  
  129  19:19  Viking x4  
  129  19:20  Viking x6  
  129  19:21  Viking x2  
  153  20:04  Viking x6  
  153  20:05  Viking x6  
  149  20:57  Viking  
  149  20:58  Viking x7  
  149  20:59  Viking x4  
  117  22:02  Viking x6  
  117  22:03  Viking x6  
  107  23:20  Viking  
  107  23:21  Viking x6  
  107  23:22  Viking x5  
  101  24:14  Viking x5  
  101  24:15  Viking x6  
  101  24:16  Viking  
  117  24:24  Orbital Command  
  117  24:40  Refinery  
  117  24:44  Viking  
  117  24:45  Refinery  
  119  25:03  Unknown  
  119  25:11  Orbital Command  
  95  26:18  Viking x5  
  99  26:19  Viking x7  
  97  27:22  Viking x4  
  101  27:23  Viking x6  
  101  27:24  Viking x2  
  105  28:09  Viking  
  105  28:10  Viking x6  
  105  28:11  Viking x5  
  117  29:00  Viking x3  
  117  29:01  Viking x7  
  117  29:02  Viking x2  
  100  30:03  Orbital Command  
  88  30:39  Viking x3  
  88  30:40  Viking x6  
  88  30:41  Viking x3  
  100  31:09  Medivac  
  80  31:21  Viking  
  80  31:22  Viking x7  
  80  31:23  Viking x3  
  102  31:28  Unknown  
  102  31:39  Viking  
  104  31:49  Command Center  
  76  33:10  Viking  
  76  33:11  Viking x6  
  76  33:12  Viking x3  
  96  33:22  SCV  
  97  33:27  Refinery  
  97  33:34  SCV  
  98  33:46  SCV  
  91  33:58  SCV  
  91  33:59  Refinery  
  78  34:10  SCV  
  78  34:12  SCV  
  80  34:19  Viking x2  
  80  34:20  Viking x5  
  58  36:19  Viking  
  58  36:20  Viking x4  
  68  36:34  Unknown  
  68  36:41  Marine  
  69  36:58  Marine  
Show
View Real Time Build Order
Export as new Build Order

redbusman Terran - Winner!

Build Orders:  

Get SALT Encoding   

  12  0:01  SCV  
  13  0:13  SCV  
  14  0:17  Supply Depot  
  14  0:25  SCV  
  15  0:29  Refinery  
  15  0:39  SCV  
  16  0:45  Barracks  
  16  0:56  SCV  
  17  1:08  SCV  
  18  1:15  Supply Depot  
  18  1:22  SCV  
  19  1:39  Command Center  
  19  1:49  Orbital Command  
  19  1:53  Marine  
  20  2:14  Factory  
  20  2:19  SCV  
  21  2:33  Barracks Reactor  
  21  2:47  SCV  
  22  2:52  Refinery  
  22  2:59  SCV  
  22  3:01  Starport  
  23  3:06  Orbital Command, Factory Tech Lab  
  23  3:11  Marine, SCV  
  23  3:12  Marine  
  26  3:23  Engineering Bay, SCV  
  27  3:29  Marine x2  
  29  3:38  Barracks  
  29  3:42  Barracks  
  29  3:46  SCV  
  29  3:47  Marine x2  
  32  3:58  SCV  
  33  4:05  Starport Tech Lab, Marine x2  
  33  4:08  Terran Infantry Weapons Level 1  
  35  4:10  SCV  
  35  4:15  Missile Turret  
  36  4:22  Missile Turret  
  36  4:23  Marine x2  
  38  4:40  Marine  
  38  4:41  Marine  
  38  4:45  Combat Shield  
  40  4:49  Stimpack  
  40  4:52  Factory Tech Lab  
  40  4:58  Marine x2  
  40  4:59  Marine  
  43  5:00  Reaper  
  43  5:05  Medivac  
  46  5:19  Marauder, SCV  
  49  5:22  Supply Depot  
  49  5:23  Supply Depot  
  49  5:32  Marauder  
  51  5:41  Marauder  
  53  5:45  Supply Depot, SCV  
  54  5:52  Starport Tech Lab  
  54  5:53  Marauder  
  54  5:54  Siege Tank  
  59  5:57  SCV  
  59  5:59  Marine x2  
  59  6:02  Marauder  
  64  6:11  Medivac  
  64  6:15  Marauder, SCV  
  64  6:17  Marine x2  
  71  6:22  SCV  
  71  6:23  Marine  
  73  6:26  Siege Tank  
  73  6:27  SCV  
  73  6:31  Terran Infantry Armor Level 1  
  77  6:35  SCV  
  78  6:41  Supply Depot x2  
  78  6:47  Supply Depot  
  78  6:48  Supply Depot  
  78  7:02  Marine, SCV x2  
  78  7:04  Supply Depot  
  78  7:05  Cyclone  
  84  7:12  Refinery  
  84  7:14  SCV x2  
  84  7:15  Refinery  
  86  7:26  SCV x2  
  88  7:34  Armory  
  88  7:37  Cyclone  
  88  7:43  Marine x4  
  95  7:52  Supply Depot  
  95  7:54  Supply Depot  
  95  7:57  Supply Depot  
  95  7:59  Supply Depot  
  95  8:01  Marine x4  
  99  8:19  Marine x4  
  103  8:36  Marine  
  103  8:37  Marine  
  105  8:43  Terran Infantry Weapons Level 2  
  105  8:55  Marine  
  105  8:56  Marine x3  
  105  9:00  Cyclone  
  112  9:13  Marine x2  
  112  9:14  Marine x2  
  116  9:31  Marine x4  
  116  9:32  Cyclone  
  123  9:49  Marine x4  
  112  10:04  Cyclone  
  110  10:07  Marine x2  
  112  10:28  Command Center  
  112  10:30  Command Center  
  112  10:34  Missile Turret x2  
  112  10:36  Cyclone, Missile Turret x2  
  112  10:41  Marine x2  
  112  10:42  Marine x2  
  119  10:46  Missile Turret  
  119  10:47  Missile Turret  
  119  10:48  Missile Turret  
  119  10:50  Missile Turret  
  119  10:54  Engineering Bay  
  119  10:59  Marine x4, Terran Infantry Armor Level 2  
  123  11:08  Cyclone  
  126  11:12  Refinery  
  126  11:13  Refinery  
  126  11:17  Marine x4  
  126  11:18  Refinery  
  130  11:19  Refinery  
  130  11:31  Armory  
  130  11:35  Marine x4, Missile Turret  
  130  11:38  Missile Turret  
  134  11:43  Missile Turret  
  134  11:44  Planetary Fortress  
  134  11:53  Marine x2  
  136  11:56  Planetary Fortress  
  136  12:18  Missile Turret  
  136  12:19  Missile Turret  
  136  12:20  Missile Turret  
  136  12:23  Missile Turret  
  136  12:26  Missile Turret  
  136  12:29  SCV  
  137  12:37  SCV  
  138  12:41  SCV  
  138  12:42  Neosteel Armor  
  139  12:49  SCV, Terran Vehicle And Ship Armor Level 1  
  140  12:51  Terran Vehicle Weapons Level 1  
  140  12:53  SCV  
  141  13:01  SCV  
  143  13:05  SCV  
  143  13:13  SCV  
  143  13:15  Hi-Sec Auto Tracking  
  143  13:17  SCV, Medivac  
  147  13:22  Marine x4  
  147  13:25  Cyclone, SCV  
  155  13:39  Marine x2  
  155  13:40  Marine x2  
  159  13:47  Medivac  
  158  13:57  Cyclone, Marine x3  
  164  14:12  Terran Infantry Weapons Level 3  
  153  14:17  Medivac  
  154  14:26  SCV  
  154  14:29  Cyclone  
  158  14:38  SCV  
  159  14:42  Starport  
  159  14:46  Starport  
  159  14:48  Starport  
  159  14:50  SCV  
  160  14:52  Starport  
  160  14:56  Missile Turret  
  160  14:57  Starport, Missile Turret  
  160  14:59  Missile Turret  
  160  15:00  Missile Turret  
  160  15:01  Cyclone  
  160  15:02  SCV, Missile Turret  
  160  15:03  Missile Turret  
  164  15:14  SCV  
  165  15:25  Starport Tech Lab  
  165  15:26  Starport Tech Lab  
  165  15:28  Starport Tech Lab  
  165  15:30  Starport Tech Lab  
  165  15:34  Starport Tech Lab  
  165  15:52  Viking x6  
  165  15:54  Command Center  
  177  16:22  Viking  
  179  16:31  Supply Depot  
  179  16:32  Supply Depot  
  179  16:34  Command Center  
  179  16:35  Supply Depot  
  179  16:37  Command Center  
  179  16:46  Terran Vehicle Weapons Level 2  
  179  16:50  Terran Vehicle And Ship Armor Level 2  
  179  16:53  Viking x4  
  187  16:54  Viking x2  
  127  17:23  Viking x3  
  127  17:24  Viking  
  129  17:37  Planetary Fortress  
  129  17:41  Missile Turret  
  129  17:58  Missile Turret  
  129  18:06  Missile Turret  
  124  18:18  Viking x5  
  124  18:19  Viking  
  109  18:28  Missile Turret  
  109  18:48  Viking x6, Missile Turret  
  121  19:02  Terran Ship Weapons Level 1  
  121  19:08  Orbital Command  
  121  19:18  Viking x6  
  133  19:33  Terran Vehicle And Ship Armor Level 3  
  133  19:48  Viking x6  
  145  20:12  Command Center  
  145  20:16  Command Center  
  145  20:18  Viking x6  
  151  20:48  Viking x6  
  163  20:56  Terran Vehicle Weapons Level 3  
  85  21:21  Viking  
  85  21:22  Viking x4  
  94  21:51  Viking x2  
  94  21:52  Viking x3  
  102  22:09  Starport  
  76  22:39  Viking x4  
  76  22:40  Viking  
  82  22:49  Planetary Fortress  
  75  23:09  Viking x2  
  85  23:13  Siege Tank  
  82  23:31  Terran Ship Weapons Level 2  
  72  23:39  Viking  
  70  23:45  Siege Tank  
  62  23:56  Marine  
  62  23:57  Marine x3  
  66  24:14  Marine x2  
  66  24:15  Marine x2  
  67  24:28  SCV  
  68  24:32  Marine x4  
  68  24:37  Refinery  
  72  24:40  SCV  
  73  24:50  Marine x4  
  78  24:52  SCV  
  78  25:00  SCV  
  78  25:04  SCV  
  80  25:08  Marine  
  80  25:09  Unknown  
  80  25:12  SCV  
  82  25:17  SCV  
  83  25:24  Command Center, SCV  
  83  25:27  Starport  
  83  25:29  Starport  
  81  25:36  SCV  
  77  25:48  SCV  
  38  26:19  Marine x4  
  42  26:26  Viking  
  42  26:27  Viking x2  
  42  26:31  Siege Tank  
  51  26:37  Marine x4  
  48  26:55  Marine x4  
  48  26:56  Viking  
  48  26:57  Viking x2  
  53  27:13  Marine x4  
  54  27:26  Viking x2  
  54  27:27  Viking  
  63  27:30  Cyclone, Marine x2  
  63  27:31  Marine x2  
  67  27:44  Terran Ship Weapons Level 3  
  67  27:48  Marine x3  
  67  27:49  Marine  
  66  27:56  Viking x2  
  66  27:57  Refinery, Viking  
  62  28:02  Cyclone  
  61  28:06  Marine x4  
  57  28:24  Marine x4  
  57  28:26  Planetary Fortress, Viking x2  
  57  28:27  Viking  
  67  28:31  SCV  
  67  28:34  Cyclone  
  71  28:42  Marine x2  
  71  28:43  SCV  
  74  28:54  Command Center  
  74  28:55  SCV  
  75  29:00  Marine x2  
  75  29:01  Marine x2  
  79  29:03  Medivac x2  
  79  29:07  SCV  
  84  29:18  Marine x3  
  84  29:19  Marine, SCV  
  89  29:36  Marine x2  
  82  30:21  Planetary Fortress  
  82  30:23  Command Center  
  82  30:26  SCV  
  79  30:34  Thor  
  82  30:38  SCV  
  83  30:51  SCV  
  80  31:03  SCV  
  67  31:15  SCV  
  67  31:16  Barracks  
  67  31:17  Barracks  
  68  31:19  Barracks  
  68  31:20  Barracks x2  
  68  31:29  Barracks  
  68  31:30  Barracks  
  68  31:32  Refinery, Barracks  
  68  31:35  Refinery, SCV  
  69  31:47  SCV  
  70  31:53  Planetary Fortress  
  70  31:59  SCV  
  70  32:11  SCV  
  71  32:18  Marine  
  71  32:23  SCV  
  58  32:31  Barracks Reactor  
  49  32:49  Barracks Tech Lab  
  48  32:54  Barracks Reactor  
  47  33:05  Barracks Reactor  
  47  33:15  Marine x2  
  49  33:31  Command Center  
  49  33:32  Marine x2  
  49  33:33  Marine x2  
  53  33:50  Marine x4  
  57  34:07  Marine x2  
  57  34:08  Marine x4  
  63  34:39  Supply Depot, Marine x2  
  63  34:40  Marine  
  63  34:41  Marine  
  63  34:42  Supply Depot, Marine x2  
  60  34:49  Planetary Fortress  
  55  34:56  Marine  
  55  34:57  Marine  
  55  34:59  Marine  
  55  35:00  Marine  
  50  35:11  Marine  
  50  35:14  Marine x2  
  43  35:15  Marine  
  43  35:17  Marine x2  
  44  35:29  Marine  
  44  35:31  Marine  
  44  35:32  Marine x2  
  44  35:35  Marine x2  
  48  35:42  SCV  
  51  35:54  SCV  
  47  36:06  SCV  
  48  36:18  SCV  
  49  36:30  SCV  
  50  36:42  SCV  
Tags
 
Add a new tag
Caveats
  • Supply blocks, unpowered buildings, or Contaminate may cause inaccurate times.
  • Supply counts are checked every 10 seconds.